Cogmind - Beta 13 @@@ ROGUE MODE // 2024.07.22 @ 23:14:48 Player: Shift Result: Destroyed by as-76451 with Assembled Maul Performance ------------- Evolutions (1) 500 Regions Visited (3) 600 Robots Destroyed (29) 145 Value Destroyed (861) 861 Prototype IDs (1) 20 Alien Tech Used (0) 0 Bonus (9) 9 TOTAL SCORE: 2135 Bonus ------- High Alert Combat Kills 9 Cogmind --------- Core Integrity 0/400 Matter 300/300 Energy 265/265 System Corruption 0% Temperature Cool (20) Movement Treading (160) Location -9/Mines Parts ------- > --- POWER (2) -------- Improved Ion Engine > --- PROPULSION (3) --- Light Treads Light Treads Light Treads > --- UTILITY (2) ------ Heat Sink > --- WEAPON (2) ------- Heavy Assault Rifle > --- INVENTORY (5) ---- Light Ion Engine Light Treads Light Assault Rifle Peak State ------------ > --- POWER ------------ Improved Ion Engine > --- PROPULSION ------- Light Treads Light Treads Improved Flight Unit > --- UTILITY ---------- Light Armor Plating > --- WEAPON ----------- Beam Rifle Heavy Assault Rifle > --- INVENTORY -------- Light Ion Engine Light Treads Heat Sink Light Assault Rifle [Rating: 12] Favorites ----------- Power Improved Ion Engine Engine Improved Ion Engine Power Core Light Nuclear Core Propulsion Light Treads Treads Light Treads Leg Aluminum Leg Wheel Wheel Hover Unit Hover Unit Flight Unit Flight Unit Utility Heat Sink Device Heat Sink Storage High-capacity Matter Pod Protection Light Armor Plating Weapon Heavy Assault Rifle Energy Gun Beam Rifle Ballistic Gun Heavy Assault Rifle Ballistic Cannon Light Cannon Launcher Grenade Launcher Build | -11 -10 -9 -9 ------- Run | Yrd Mat Mat Min Slots Evolved 2 | . . 2 . Power 1 | . . 1 . Propulsion 1 | . . 1 . Utility . | . . . . Weapon . | . . . . Parts Attached 58 | 6 26 26 . Power 10 | 1 5 4 . Engine 8 | 1 4 3 . Core 2 | . 1 1 . Reactor . | . . . . Propulsion 25 | 2 12 11 . Treads 7 | . . 7 . Leg 2 | . . 2 . Wheel 4 | 2 2 . . Hover 1 | . 1 . . Flight 11 | . 9 2 . Utility 5 | 1 2 2 . Device 3 | 1 1 1 . Storage 1 | . 1 . . Processor . | . . . . Hackware . | . . . . Protection 1 | . . 1 . Artifact . | . . . . Weapon 18 | 2 7 9 . Energy Gun 7 | 1 2 4 . Energy Cannon . | . . . . Ballistic Gun 8 | 1 2 5 . Ballistic Cannon 2 | . 2 . . Launcher 1 | . 1 . . Special Weapon . | . . . . Impact Weapon . | . . . . Slashing Weapon . | . . . . Piercing Weapon . | . . . . Special Melee Weapon . | . . . . Unidentified Prototypes 1 | . . 1 . Parts Lost 14 | . 2 11 1 Power 2 | . . 2 . Propulsion 4 | . 1 3 . Utility 2 | . 1 1 . Weapon 6 | . . 5 1 Highest Loss Streak 9 | . 1 9 1 To Critical Strikes . | . . . . Average Slot Usage (%) 70 | . 83 64 77 Engine 9 | . 11 9 11 Treads 17 | . . 22 33 Wheel 2 | . 8 . . Flight 5 | . 17 1 . Device 6 | . 11 3 11 Protection 5 | . 3 6 . Energy Gun 11 | . 17 9 11 Ballistic Gun 9 | . 4 10 11 Ballistic Cannon 1 | . 4 . . Naked Turns 8 | . . 8 . Heaviest Build 17 | 6 9 17 14 Greatest Support 60 | 20 20 60 60 Greatest Overweight (x) 2 | . 2 2 . Average Overweight (x) . | . . . . Largest Inventory Capacity 5 | 5 5 5 5 Average Capacity 5 | 5 5 5 5 Most Carried 5 | 2 5 5 3 Average Carried 2 | . 3 3 3 Final Capacity 5 | 5 5 5 5 Final Carried 5 | . 5 3 3 Class Distribution -------------------- 63% | Scavenger-Mutant 36% | Mutant Dominant Class ---------------- Mutant | -10/Materials Scavenger-Mutant | -9/Materials Scavenger-Mutant | -9/Mines Resources | -11 -10 -9 -9 ----------- Run | Yrd Mat Mat Min Matter Collected 1005 | 245 167 587 6 Remotely . | . . . . Salvage Created 1009 | 31 252 627 99 Parts 63 | 4 18 35 6 Haulers Intercepted . | . . . . Recyclers Shooed . | . . . . Parts Field Recycled . | . . . . Retrieved Matter . | . . . . Parts Self-Destructed . | . . . . Prevented . | . . . . Kills | -11 -10 -9 -9 ------- Run | Yrd Mat Mat Min Combat Hostiles Destroyed 28 | 1 10 15 2 Guns 24 | 1 6 15 2 Cannons 4 | . 4 . . Classes Destroyed 6 | 1 2 3 . Watcher 1 | . 1 . . Swarmer 8 | . 6 2 . Grunt 14 | 1 4 7 2 Brawler 1 | . . 1 . Duelist 1 | . . 1 . Sentry 4 | . . 4 . Best Kill Streak 5 | 1 4 5 2 Combat Bots Only 5 | 1 4 5 2 Max Kills in Single Turn 1 | 1 1 1 1 Gunslinging . | . . . . Exploded . | . . . . Melee . | . . . . Uniques/NPCs Destroyed . | . . . . Combat | -11 -10 -9 -9 -------- Run | Yrd Mat Mat Min Hostile Shots Fired 274 | 5 82 162 25 Missed 88 | 3 29 47 9 Damage Taken 2253 | 22 487 1495 249 Core 556 | 11 131 386 28 Absorbed by Shields . | . . . . Regen/Repaired (Parts) 23 | . . 23 . Core Remaining (%) 69 | 95 43 . . Volleys Fired 116 | 5 40 69 2 Largest 2 | 1 2 2 2 Hottest 80 | 20 80 80 79 Shots Fired 157 | 5 53 95 4 Gun 138 | 5 34 95 4 Cannon 19 | . 19 . . Launcher . | . . . . Special . | . . . . Kinetic 100 | 5 27 66 2 Thermal 57 | . 26 29 2 Explosive . | . . . . Electromagnetic . | . . . . Robot Hit Streak 12 | 2 8 12 5 Robot Miss Streak 6 | 1 6 4 1 Penetration Max . | . . . . Secondary Targets 3 | . 1 1 1 Max Gunslinging Chain 1 | . 1 1 1 Shots Hit Robots 96 | 3 27 63 3 Core Hits 44 | 2 13 26 3 Critical Kills . | . . . . Critical Parts Destroyed . | . . . . Critical Strikes 5 | . 2 2 1 Burn 3 | . . 2 1 Blast 2 | . 2 . . Melee Attacks . | . . . . Impact . | . . . . Slashing . | . . . . Piercing . | . . . . Sneak Attacks . | . . . . Combat Hostiles . | . . . . Follow-up Attacks . | . . . . Damage Inflicted 1369 | 33 429 862 45 Guns 1193 | 33 253 862 45 Cannons 176 | . 176 . . Explosions . | . . . . Melee . | . . . . Ramming . | . . . . Kinetic 880 | 33 223 609 15 Thermal 489 | . 206 253 30 Explosive . | . . . . Electromagnetic . | . . . . Impact . | . . . . Slashing . | . . . . Piercing . | . . . . Highest Corruption . | . . . . Average Corruption . | . . . . Corruption Purged . | . . . . Corruption Blocked . | . . . . Overload Shots . | . . . . Overflow Damage . | . . . . Projectiles . | . . . . Explosions . | . . . . Melee . | . . . . Knockbacks 2 | . 2 . . Impact . | . . . . Kinetic 2 | . 2 . . Secondary . | . . . . Self-Inflicted Damage . | . . . . Shots . | . . . . Rammed . | . . . . Targets Rammed . | . . . . Kicked . | . . . . Crushed . | . . . . Highest Temperature 390 | . 280 390 3 Average Temperature 98 | . 124 79 3 Received Heat Transfer 665 | 12 102 432 119 Effects 2 | . 2 . . Interference 2 | . 2 . . Siege Activations . | . . . . Robots Corrupted . | . . . . Combat Hostiles . | . . . . Parts Fried . | . . . . Impact Corruptions . | . . . . Robots Melted . | . . . . Combat Hostiles . | . . . . Parts Melted 2 | . . 2 . Heat Transferred 1390 | . 475 767 148 Parts Sabotaged . | . . . . Parts Stolen . | . . . . Parts Stripped . | . . . . Power Chain Reactions . | . . . . Alert | -11 -10 -9 -9 ------- Run | Yrd Mat Mat Min Peak Influence 415 | 20 320 415 111 Initial 135 | . 13 135 61 Average 211 | 2 175 258 95 Maximum Alert Level 2 | . 1 2 . Low Security (%) 36 | 100 53 15 100 Level 1 63 | . 46 83 . Level 2 . | . . . . Level 3 . | . . . . Level 4 . | . . . . Level 5 . | . . . . High Security . | . . . . Max Security . | . . . . Squads Dispatched 5 | . 3 2 . Investigation 1 | . 1 . . Extermination . | . . . . Reinforcement 4 | . 2 2 . Assault . | . . . . Garrison . | . . . . Intercept . | . . . . Searches Triggered . | . . . . Construction Impeded . | . . . . Haulers Reinforced . | . . . . Active Scanning Responses . | . . . . Cargo Convoy Interrupts . | . . . . Stealth | -11 -10 -9 -9 --------- Run | Yrd Mat Mat Min Distress Signals 1 | . . 1 . Communications Jammed . | . . . . Distress Signals . | . . . . Times Spotted 50 | 1 15 19 15 Peak Tracking Total 13 | 1 6 8 13 Tactical Retreats 2 | . 1 1 . Traps | -11 -10 -9 -9 ------- Run | Yrd Mat Mat Min Traps Triggered 3 | . 3 . . Indirectly . | . . . . Trap Hack Attempts . | . . . . Triggered . | . . . . Disarmed . | . . . . Reprogrammed . | . . . . Reused . | . . . . Traps Extracted . | . . . . Installed . | . . . . Triggered . | . . . . Machines | -11 -10 -9 -9 ---------- Run | Yrd Mat Mat Min Machines Disabled . | . . . . Max in Single Turn . | . . . . Machines Repaired . | . . . . Machines Dismantled . | . . . . Machines Sabotaged . | . . . . Overloaded Fab Kills . | . . . . Hacking | -11 -10 -9 -9 --------- Run | Yrd Mat Mat Min Machines Accessed 7 | . 3 4 . Terminals 3 | . 1 2 . Fabricators . | . . . . Repair Stations 2 | . 1 1 . Recycling Units 2 | . 1 1 . Scanalyzers . | . . . . Garrison Access . | . . . . Total Hacks 26 | . 9 17 . Successful 18 | . 7 11 . Failed 8 | . 2 6 . Catastrophic . | . . . . Database Lockouts . | . . . . Manual 1 | . . 1 . Terminals 15 | . 5 10 . Fabricators . | . . . . Repair Stations 5 | . 1 4 . Recycling Units 6 | . 3 3 . Scanalyzers . | . . . . Garrison Access . | . . . . Terminal Hacks 9 | . 3 6 . Record 3 | . 2 1 . Alert Level 2 | . . 2 . Dispatch Records 1 | . 1 . . Registered Components 1 | . . 1 . Zone Layout 2 | . . 2 . Fabricator Hacks . | . . . . Repair Station Hacks 3 | . 1 2 . Scan Component 1 | . . 1 . Repair 1 | . . 1 . Refit 1 | . 1 . . Recycling Unit Hacks 6 | . 3 3 . Recycle Component 2 | . 1 1 . Process 3 | . 1 2 . Report Inventory 1 | . 1 . . Scanalyzer . | . . . . Garrison Access Hacks . | . . . . Unauthorized Hacks . | . . . . Terminals . | . . . . Fabricators . | . . . . Repair Stations . | . . . . Recycling Units . | . . . . Scanalyzers . | . . . . Garrison Access . | . . . . Data Cores Recovered . | . . . . Used . | . . . . Hacking Detections 5 | . 2 3 . Full Trace Events 3 | . 1 2 . Feedback Events . | . . . . Feedback Blocked . | . . . . Robot Schematics Acquired . | . . . . Robots Built . | . . . . Authchips . | . . . . Time . | . . . . Total Robot Build Rating . | . . . . Part Schematics Acquired . | . . . . Parts Built . | . . . . Authchips . | . . . . Time . | . . . . Total Part Build Rating . | . . . . Parts Repaired 1 | . . 1 . Time 32 | . . 32 . Parts Recycled 2 | . 1 1 . Recycled Matter 106 | . . 106 . Retrieved Matter . | . . . . Retrieved Components . | . . . . Parts Scanalyzed . | . . . . Part Schematics Acquired . | . . . . Parts Damaged . | . . . . Bothacking | -11 -10 -9 -9 ------------ Run | Yrd Mat Mat Min Used RIF Installer . | . . . . Robots Hacked . | . . . . Non-combat . | . . . . Combat . | . . . . Robot Hacks Applied . | . . . . Relay Couplers Released . | . . . . Fabnet Peak Effective % . | . . . . Robots Rewired . | . . . . Allies Hacked . | . . . . Hacks Repelled . | . . . . Allies | -11 -10 -9 -9 -------- Run | Yrd Mat Mat Min Total Allies . | . . . . Largest Group . | . . . . Highest-Rated Group . | . . . . Highest-Rated Ally . | . . . . Total Orders . | . . . . Ally Attacks . | . . . . Total Damage . | . . . . Kills . | . . . . Allies Corrupted . | . . . . Allies Melted . | . . . . Intel | -11 -10 -9 -9 ------- Run | Yrd Mat Mat Min Robot Analysis Total . | . . . . Derelict Logs Recovered . | . . . . Drone Launches . | . . . . Drone Recoveries . | . . . . Exploration | -11 -10 -9 -9 ------------- Run | Yrd Mat Mat Min Turns Passed 1424 | 78 357 882 107 Spaces Moved 987 | 81 370 473 63 Core 62 | 26 7 29 . Treads 422 | . . 359 63 Legs 20 | . . 20 . Wheels 116 | 55 61 . . Hover 2 | . 2 . . Flight 365 | . 300 65 . Fastest Speed 32 | 50 37 32 160 Average Speed 99 | 70 48 136 160 Slowest Speed 160 | 80 150 160 160 Overloaded Moves . | . . . . Propulsion Burnouts . | . . . . Robots Hopped 6 | . 6 . . Cave-ins Triggered . | . . . . Exploration Rate (%) 28 | 6 63 31 14 Regions Visited 3 Branch Regions 1 Pre-discovered Areas . | . . . . Known Exits Taken . | . . . . Unknown Exits Taken 3 | 1 1 1 . Scrap Searched . | . . . . Spaces Dug . | . . . . Terrain Destroyed . | . . . . Melee . | . . . . Projectile . | . . . . AOE . | . . . . Terrain Rammed . | . . . . Walls Destroyed . | . . . . Machines Disabled . | . . . . Actions | -11 -10 -9 -9 --------- Run | Yrd Mat Mat Min Total 1266 | 97 483 621 65 Wait 48 | . 27 21 . Move 972 | 80 357 472 63 Hop 6 | . 6 . . Pick Up 45 | 6 19 20 . Fast Attach . | . . . . Attach 33 | 6 8 19 . Detach 6 | . 1 5 . Swap 25 | . 18 7 . Drop 15 | . 7 8 . Fire 116 | 5 40 69 2 Melee . | . . . . Ram . | . . . . Kick . | . . . . Crush . | . . . . Escape Stasis . | . . . . Rewire . | . . . . Trap . | . . . . Miscellaneous . | . . . . Route ------- -11/Scrapyard -10/Materials (discovered 3 exits: *Mat x2 / [*Min]) -9/Materials -9/Mines History --------- Turn | Location | Event 2 | -11/Scrapyard | Met Revision 17 53 | -11/Scrapyard | Discovered new exit (range 8) 79 | -11/Scrapyard | Entered Materials 288 | -10/Materials | Discovered new exit (range 3) 340 | -10/Materials | Discovered new exit (range 8) 348 | -10/Materials | Build established: Mutant 361 | -10/Materials | Core integrity fell below 50% 417 | -10/Materials | Discovered new exit (range 15) 436 | -10/Materials | Entered another Materials area 436 | -9/Materials | Evolved 2 slots: Power x1, Propulsion x1 545 | -9/Materials | Core integrity fell below 50% 578 | -9/Materials | Core integrity fell below 20% 601 | -9/Materials | Lost 9 parts (2p3n4w) 843 | -9/Materials | Repaired Beam Rifle 875 | -9/Materials | Build established: Scavenger-Mutant 1288 | -9/Materials | Discovered new exit (range 12) 1318 | -9/Materials | Entered Mines 1388 | -9/Mines | Assembled infested the area 1393 | -9/Mines | Assisted by a Guerilla fighting off Assembled 1425 | -9/Mines | Destroyed by as-76451 with Assembled Maul Last Messages --------------- LOCATION=UNKNOWN GOAL=ESCAPE Something is scanning the area. G-34 Mercenary suffers critical hit (Burn). G-34 Mercenary destroyed. Switching to secondary target: G-47 Trooper. G-47 Trooper destroyed. Acquired 6 matter. ALERT: Infestation in the mines, dispatching Demolisher response squad. U-05 Engineer destroyed. HV Slug penetrates as-58029. as-58029 destroyed. PW-Q9W(h) heat damages Bore Cannon, Flexi-carbon Leg, Flexi-carbon Leg. PW-Q9W(h) destroyed. as-58711 shuts down. as-06613 destroyed. Beam Rifle destroyed. [Achievement: First Step to Greatness] Map ----- +----------------------------------------------------+ | ?????????????????????????????????????????????????? | | ?????????????????????????????????????????????????? | | ?????????????????????????????????????????????????? | | ?????????????????????????????????????????????????? | | ?????????????????????????????????????????????????? | | ?????????????????????????????????????????????????? | | ?????????????????????????????????????????????????? | | ?????????????????????????????????????????????????? | | ?????????????????????????????????????????????????? | | ?????????????????????????????????????????????????? | | ?????????????????????????????????????????????????? | | ?????????????????????????????????????????????????? | | ?????????????????????????????????????????????????? | | ?????????????????????????????????????????????????? | | ?????????????????????????????????????????????????? | | ?????????????????????????##??????????????????????? | | ????????????????????????? #??????????????????????? | | ????????????????????????#t#??????????????????????? | | ????????????????????????# #???####???????????????? | | ????????????????????????# #??# ##??????????????? | | ????????????????????????# #?# #####??????????? | | ??????????????????????### ## a ?????????? | | ?????????????????????## t k ???????????? | | ??????????????????# ## #??????????????? | | ??????????????????# #???????????????? | | ??????????????????????# a@ #????????????????? | | ??????????????#####???# aaa ###????????????????? | | ?????????????## ##?## ##??????????????????? | | ????????????## ### aaa ##??????????????????? | | ???????????## = %= a a #??????????????????? | | ???????????# !%*[ a #?????????????????? | | ???????????# =## ### #?????????????????? | | ???????????# ## #?#% ##?????????????????? | | ???? ## ## #?#%% ###??????????????????? | | ???## ?## ### #?# % ##????????????????????? | | ????## ??####?# ### a ;?????????????????????? | | ?????# ???????# %|!# ????????????????????? | | ?????# ????????##### =%## ???????????????????? | | ?????## ?????????????# *#?# ??????????????????? | | ??????#####?????????????? #??##?????????????????? | | ????????????????????????? #?????????????????????? | | ????????????????????????? #?????????????????????? | | ????????????????????????? "?????????????????????? | | ????????????????????????? "?????????????????????? | | ????????????????????????? ??????????????????????? | | ?????????????????????????????????????????????????? | | ?????????????????????????????????????????????????? | | ?????????????????????????????????????????????????? | | ?????????????????????????????????????????????????? | | ?????????????????????????????????????????????????? | +----------------------------------------------------+ Best States ------------- Heat Dissipation 38 Energy Generation 14 Energy Capacity 265 Matter Stores 300 Matter Capacity 300 Sight Range 16 Terrain Scan Density 10 Armor Coverage 160 Evasion (%) 63 Recoil Reduction 3 Item Schematics ----------------- None Robot Schematics ------------------ None Fabricated ------------ Nothing Alien Tech Used ----------------- None Achievements -------------- Crack Shot First Step to Greatness One Hack Too Far Part-time Mechanic Risk Taker Storm Trooper Uninvited Guest Universal Adapter Challenges ------------ None Game ------ Seed CouplerActuatorModule Manual? 0 Play Time 00:59:05 Cumulative 0.9 hours Start 2024.07.22 @ 22:11:58 End 2024.07.22 @ 23:14:48 Sessions 1 Manual Loads 0 Difficulty Rogue Special Mode None Game No. 1 Rogue 1 Adventurer 0 Explorer 0 Win Type - Total 0 Types 0/0/0/0/0/0/0/0/0 Lore% 0 Gallery% 2 Achievement% 3 Wizard Run 0 Options --------- Layout 1 ASCII 0 Keyboard 0 Movement Arrows Keybinds 0 Fullscreen 1 Font 32/SmallcapsGlow Map View 50x35 Zoom Use 0% Tactical HUD 0 Map Filters NONE Filters NONE Steam 1 RUN: 13f4a9d9-b89a-4ac5-9a24-34f9684e4491